AoeStats
← The Potato King

Four Lakes

510161409Analyzed
1v1 RM · 4d ago on Sep 29, 2026· 39m 36s· 2 players
Game mode
Random Map
Map size
Tiny (2 player)
Population
200
Speed
Normal
Resources
Standard
Victory
Conquest
Starting age
Dark Age
Ending age
Imperial Age
RankedLock teamsTeams togetherTeam positionsShared explorationLock speedFull tech treeHidden civsTurbo modeCheats
Victory
Defeat
🇬🇧 Lithuanians · United Kingdom
1182
+15
🇪🇸 Italians · Spain
1163
-15
espiritudelagua8
9:34 Loom
12:53 Feudal Age
14:29 Fletching
14:50 Double-Bit Axe
21:02 Castle Age
21:30 Padded Archer Armor
25:18 Bow Saw
33:06 Wheelbarrow
33:27 Ballistics
34:11 Bodkin Arrow
34:31 Leather Archer Armor
The Potato King
4:45 Loom
10:49 Feudal Age
11:31 Double-Bit Axe
13:31 Wheelbarrow
14:23 Bloodlines
16:20 Castle Age
14:35 Scale Barding Armor
14:41 Forging
14:45 Gold Mining
17:12 Medium Warships
20:37 Horse Collar
22:17 Bow Saw
24:31 Bloodlines
27:55 Husbandry
28:58 Heavy Plow
30:22 Iron Casting
31:59 Chain Barding Armor
31:57 Hand Cart
36:42 Imperial Age
34:55 Elite Skirmisher
35:26 Fletching
35:37 Padded Archer Armor
37:05 Bodkin Arrow
37:26 Leather Archer Armor
36:58 Cavalier
38:49 Plate Barding Armor
Connection lost

Rejoining the realm…

Still unreachable

The connection could not be restored.

Session expired

The server has moved on; the page needs a fresh start.